 Dungeon Crawl Stone Soup version 0.29-a0-284-gf9362112df (webtiles) character file.

Game seed: 915458247761538808

155 sammy202020 the Chopper (level 5, -6/47 HPs)
             Began as a Minotaur Berserker on Mar 22, 2022.
             Was a Follower of Trog.
             Mangled by a gnoll
             ... wielding a +0 spear
              (8 damage)
             ... on level 3 of the Dungeon.
             The game lasted 00:01:57 (1246 turns).

sammy202020 the Chopper (Minotaur Berserker)        Turns: 1246, Time: 00:01:59

Health: -6/47      AC:  5    Str: 25    XL:     5   Next: 14%
Magic:  4/4        EV: 12    Int:  6    God:    Trog [*.....]
Gold:   97         SH:  0    Dex: 10    Spells: 4/4 levels left

rFire   . . .      SeeInvis .   a - +0 hand axe
rCold   . . .      Faith    .   (no shield)
rNeg    . . .      Spirit   .   c - +2 leather armour of the Stag {rPois Str+4}
rPois   +          Reflect  .   (helmet restricted)
rElec   .          Harm     .   (no cloak)
rCorr   .          Rampage  .   (no gloves)
Will    ++...                   (no boots)
Stlth   +.........              (no amulet)
HPRegen 1.15/turn               (no ring)
MPRegen 0.09/turn               (no ring)

@: strong-willed, on berserk cooldown, regenerating, slowed, very slow
A: horns 2, retaliatory headbutt
a: Renounce Religion, Berserk


You were on level 3 of the Dungeon.
You worshipped Trog.
Trog was aware of your devotion.
You visited 1 branch of the dungeon, and saw 3 of its levels.

You collected 97 gold pieces.

Inventory:

Hand Weapons
 a - a +0 hand axe (weapon)
 l - a +2 antimagic mace
Missiles
 e - 4 poisoned darts (quivered)
Armour
 b - a +0 animal skin
 c - the +2 leather armour of the Stag (worn) {rPois Str+4}
   (You found it on level 2 of the Dungeon)

   Str:       It affects your strength (+4).
   rPois:     It protects you from poison.
Wands
 i - a wand of digging (6)
 j - a wand of paralysis (4)
Potions
 d - a potion of mutation {unknown}
 g - a potion of flight {unknown}
 h - a potion of might {unknown}


   Skills:
 * Level 4.8 Fighting
 * Level 4.8 Axes
 * Level 4.0 Armour
 + Level 3.1 Dodging


You had 4 spell levels left.
You didn't know any spells.
Your spell library was empty.

Dungeon Overview and Level Annotations

Branches:
Dungeon (3/15)

Altars:


Innate Abilities, Weirdness & Mutations

You have a pair of horns on your head.
You reflexively headbutt those who attack you in melee.


Message History

Your skin crawls.
You feel strong-willed.
You can no longer call upon Trog for regeneration and willpower.
The gnoll hits you with a +0 club.
* * * LOW HITPOINT WARNING * * *
You barely miss the gnoll.
The gnoll is heavily wounded.
The gnoll hits you but does no damage. The gnoll hits you with a +0 club.
* * * LOW HITPOINT WARNING * * *
You hit the gnoll.
You headbutt the gnoll, but do no damage.
The gnoll is severely wounded.
An orc wizard appears from thin air!
Reactivating autopickup.
The gnoll closely misses you. The gnoll hits you with a +0 club.
* * * LOW HITPOINT WARNING * * *
You closely miss the gnoll. You headbutt the gnoll.
You kill the gnoll!
Trog accepts your kill.
Your Armour skill increases to level 4!
You slash the orc wizard! Your headbutt misses the orc wizard.
The orc wizard is heavily wounded.
The orc wizard barely misses you.
The gnoll hits you from afar with a +0 spear.
* * * LOW HITPOINT WARNING * * *
The orc wizard hits you but does no damage.
The gnoll hits you from afar with a +0 spear.
* * * LOW HITPOINT WARNING * * *
You feel better.
The gnoll hits you from afar with a +0 spear.
* * * LOW HITPOINT WARNING * * *
The orc wizard hits you but does no damage.
You barely miss the orc wizard. Your headbutt misses the orc wizard.
The orc wizard is heavily wounded.
The gnoll hits you from afar with a +0 spear!
* * * LOW HITPOINT WARNING * * *
The orc wizard hits you with a +0 dagger.
* * * LOW HITPOINT WARNING * * *
The gnoll hits you from afar with a +0 spear!
You die...

##.###...###........ ####
.........####.....##......
......................>...
..###.#.#.###.##.###......
..# #...#.## #.).'....$.
### #####..##.##.###......
#†).......#g# #.###
######.###..####o# .# ..
........# #.....@###.# .
........###.###).....#
........'....##......#
........####.##......#
........# #...)......#
........# #...##.....#
........# #....+........
........# ###.##.....#.#
######### #.##..####.#


You could see an orc wizard and a gnoll.

Vanquished Creatures
  Jessica (D:3)
  Ijyb (D:3)
  An orc wizard (D:3)
  2 adders (D:2)
  3 gnolls (D:3)
  2 dart slugs
  2 orcs (D:3)
  3 ball pythons
  4 endoplasms
  A giant cockroach (D:2)
  3 goblins
  2 hobgoblins (D:2)
  2 quokkas
  A frilled lizard (D:3)
  2 rats (D:2)
30 creatures vanquished.

Notes
Turn   | Place    | Note
-------+----------+-------------------------------------------
     0 | D:1      | sammy202020 the Minotaur Berserker began the quest for the
                  | Orb.
     0 | D:1      | Reached XP level 1. HP: 19/19 MP: 0/0
    37 | D:1      | You fall into a shaft and drop 1 floor!
    68 | D:2      | Identified the +2 leather armour of the Stag {rPois Str+4}
   147 | D:2      | Reached XP level 2. HP: 25/27 MP: 1/1
   357 | D:2      | Reached XP level 3. HP: 30/33 MP: 2/2
   849 | D:3      | Noticed Ijyb
   850 | D:3      | Paralysed by Ijyb for 6 turns
   864 | D:3      | Paralysed by Ijyb for 5 turns
   869 | D:3      | Killed Ijyb
   870 | D:3      | Reached XP level 4. HP: 30/41 MP: 3/3
  1051 | D:3      | Noticed Jessica
  1057 | D:3      | Killed Jessica
  1236 | D:3      | Reached ** piety under Trog
  1237 | D:3      | Reached XP level 5. HP: 5/47 MP: 4/4
  1244 | D:3      | HP: 1/47 [gnoll/+0 spear (5)]
  1246 | D:3      | Mangled by a gnoll

Illustrated notes

Levels and vault maps discovered:
D:1:      beargit_arrival_greenhouse, layout_loops_ring, grunt_decor_resistance,
          minivault_19, chequers_arboretum, minmay_misc_feat_ornament,
          minmay_misc_feat_rugged, hangedman_feature_mirror
D:2:      layout_loops_ring
D:3:      layout_basic, uniq_ijyb, uniq_jessica

Skill      XL: |  1  2  3  4  5 |
---------------+----------------+-----
Fighting       | 4 |  4.8
Axes           | 4 |  4.8
Armour         | 3 4 |  4.0
Dodging        | 3 |  3.1

Action                   |  1- 3 |  4- 6 || total
-------------------------+-------+-------++-------
Melee: Hand axe          |    47 |    38 ||    85
       Headbutt          |     3 |     7 ||    10
       Punch             |       |     1 ||     1
Invok: Berserk           |       |     1 ||     1
       Trog's Hand       |       |     1 ||     1
  Use: Potion            |       |     2 ||     2
 Stab: Sleeping          |     1 |       ||     1
Armor: Leather armour    |    15 |    11 ||    26
Dodge: Dodged            |    25 |    18 ||    43

Table legend: (Time is in decaauts)
 A = Elapsed time spent in this place.
 B = Non-inter-level travel time spent in this place.
 C = Inter-level travel time spent in this place.
 D = Time resting spent in this place.
 E = Time spent auto-exploring this place.
 F = Levels seen in this place.
 G = Mean time per level.
                   A        B        C        D        E       F      G
               +--------+--------+--------+--------+--------+-----+--------+
         Total |   1255 |   1255 |      0 |      0 |    959 |   3 |  418.3 |
       Dungeon |   1255 |   1255 |      0 |      0 |    959 |   3 |  418.3 |
               +--------+--------+--------+--------+--------+-----+--------+

Top non-repeatable levels by time:
     D:2: 738 daAuts
     D:3: 479 daAuts
     D:1: 37 daAuts
